 Dungeon Crawl Stone Soup version 0.30-a0-728-gc68057be0a (webtiles) character file.

Game seed: 6623315101326307699

60 sircluck the Trooper (level 4, -3/40 HPs)
             Began as a Hill Orc Fighter on Jan 31, 2023.
             Was a Follower of Zin.
             Slain by Sigmund
             ... wielding a +2 scythe of flaming
              (8 damage)
             ... on level 2 of the Dungeon.
             The game lasted 00:04:03 (1172 turns).

sircluck the Trooper (Hill Orc Fighter)             Turns: 1172, Time: 00:04:03

Health: -3/40      AC:  7    Str: 20    XL:     4   Next: 6%
Magic:  4/4        EV:  9    Int:  8    God:    Zin [*.....]
Gold:   57         SH:  0    Dex: 10    Spells: 3/3 levels left

rFire   . . .      SeeInvis .    a - +0 war axe
rCold   . . .      Faith    .    c - +0 buckler
rNeg    . . .      Spirit   .    b - +0 scale mail
rPois   .          Reflect  .    (no helmet)
rElec   .          Harm     .    (no cloak)
rCorr   .          Rampage  .    (no gloves)
Will    .....                    (no boots) Stlth
                                 h - amulet of the acrobat
HPRegen 0.26/turn                (no ring)
MPRegen 0.09/turn                (no ring)

@: confused
A: no striking features
a: Renounce Religion, Recite, Donate Gold


You were on level 2 of the Dungeon.
You worshipped Zin.
Zin was aware of your devotion.
You visited 1 branch of the dungeon, and saw 2 of its levels.

You collected 63 gold pieces.
You donated 6 gold pieces to Zin.

Inventory:

Hand Weapons
 a - a +0 war axe (weapon)
 o - a +0 sling
Missiles
 i - 20 stones (quivered)
Armour
 b - a +0 scale mail (worn)
 c - a +0 buckler (worn)
 g - a +0 pair of gloves
Jewellery
 h - an amulet of the acrobat (around neck)
Scrolls
 e - a scroll of torment {unknown}
 j - a scroll of noise {unknown}
 k - 3 scrolls of identify {unknown}
 l - a scroll of magic mapping {unknown}
 n - a scroll of amnesia {unknown}
 p - 3 scrolls of enchant armour {unknown}
Potions
 d - a potion of might
 m - 2 potions of curing {unknown}


   Skills:
 + Level 4.0 Fighting
 + Level 3.9 Axes
 + Level 4.0 Armour
 + Level 3.6 Shields


You had 3 spell levels left.
You didn't know any spells.
Your spell library contained the following spells:

 Spells                   Type           Power      Damage    Failure   Level
 Portal Projectile        Hex/Tloc       0%         N/A       99%         3
 Tukima's Dance           Hex            0%         N/A       99%         3
 Blade Hands              Tmut           0%         N/A       100%        5


Dungeon Overview and Level Annotations

Branches:
Dungeon (2/15)

Altars:
Zin

Annotations:
D:2 Sigmund


Message History

The grasping roots constrict you.
* * * LOW HITPOINT WARNING * * *
It was a potion of ambrosia.
You are confused.
You feel invigorated. Sigmund hits you but does no damage.
The grasping roots constrict you.
* * * LOW HITPOINT WARNING * * *
The grasping roots release their grip on you.
You miss Sigmund.
Sigmund is moderately wounded.
Sigmund says, "Don't worry, I'll kill you fast."
Sigmund zaps a wand.
The roots erupt in riotous growth!
The grasping roots grab you!
Sigmund is unaffected.
The grasping roots constrict you. Sigmund barely misses you.
The grasping roots constrict you.
You escape the roots grasp.
You bump into the rock wall.
Sigmund hits you but does no damage.
You feel less invigorated.
You feel less confused.
Sigmund zaps a wand.
The roots erupt in riotous growth!
The grasping roots grab you!
Sigmund is unaffected.
The grasping roots constrict you.
You escape the roots grasp.
Sigmund hits you from afar with a +2 scythe of flaming.
Sigmund burns you. Sigmund casts a spell at you.
You are confused.
You bump into the rock wall.
Sigmund zaps a wand.
The roots erupt in riotous growth!
The grasping roots grab you! The grasping roots constrict you.
You bump into the rock wall.
The grasping roots constrict you.
* * * LOW HITPOINT WARNING * * *
The roots grasp on you weakens, but your attempt to escape fails.
The grasping roots constrict you.
* * * LOW HITPOINT WARNING * * *
The grasping roots release their grip on you.
You're too confused to move!
Sigmund hits you from afar with a +2 scythe of flaming!
You die...

......##.##.#
#....##....รท..
..........#.###..####.###.##
......###....##.....#.# #.##
##### ###..###.##.#.# #.#
#......##...# #.#
#.###..##..## #.## #.#
#.###..####..#
#.###.........##.#
#@##..##..........
#.##.####.######.# #@#..#
#..###.... #.#.## ##........
###.#.# #####.... #.....#
#.... #.....# ####. #.....#
## #######


You could see Sigmund.

Vanquished Creatures
  Jessica (D:2)
  An adder (D:2)
  A worm (D:2)
  A dart slug (D:1)
  An endoplasm (D:1)
  3 giant cockroaches
  3 goblins
  A hobgoblin (D:1)
  4 ball pythons
  5 rats
21 creatures vanquished.

Notes
Turn   | Place    | Note
-------+----------+-------------------------------------------
     0 | D:1      | sircluck the Hill Orc Fighter began the quest for the Orb.
     0 | D:1      | Reached XP level 1. HP: 19/19 MP: 1/1
   139 | D:1      | Reached XP level 2. HP: 27/27 MP: 2/2
   717 | D:2      | Found a faded altar of an unknown god.
   835 | D:2      | Prayed at the altar of an unknown god.
   835 | D:2      | Became a worshipper of Zin the Law-Giver
   835 | D:2      | Reached * piety under Zin
   941 | D:2      | Noticed Jessica
   946 | D:2      | Reached XP level 3. HP: 28/33 MP: 3/3
   952 | D:2      | Killed Jessica
   953 | D:2      | Reached XP level 4. HP: 17/40 MP: 4/4
  1133 | D:2      | Noticed Sigmund
  1172 | D:2      | Slain by Sigmund

Illustrated notes

Levels and vault maps discovered:
D:1:      mrwooster_arrival_arrow, layout_basic
D:2:      layout_rooms, ebering_ecumenical_altar_mist, uniq_sigmund,
          uniq_crazy_yiuf_cottage, uniq_jessica

Skill      XL: |  1  2  3 |
---------------+----------+-----
Axes           | 3 |  3.9
Fighting       | 4 |  4.0
Armour         | 4 |  4.0
Shields        | |  3.6

Action                     |  1- 3 |  4- 6 || total
---------------------------+-------+-------++-------
  Melee: War axe           |    57 |    11 ||    68
    Use: Potion            |       |     1 ||     1
 Armour: Scale mail        |    22 |     7 ||    29
  Dodge: Dodged            |    40 |    12 ||    52
  Block: Buckler           |    15 |     4 ||    19

Table legend: (Time is in decaauts)
 A = Elapsed time spent in this place.
 B = Non-inter-level travel time spent in this place.
 C = Inter-level travel time spent in this place.
 D = Time resting spent in this place.
 E = Time spent auto-exploring this place.
 F = Levels seen in this place.
 G = Mean time per level.
                   A        B        C        D        E       F      G
               +--------+--------+--------+--------+--------+-----+--------+
         Total |   1197 |   1188 |      9 |     83 |    183 |   2 |  598.5 |
       Dungeon |   1197 |   1188 |      9 |     83 |    183 |   2 |  598.5 |
               +--------+--------+--------+--------+--------+-----+--------+

Top non-repeatable levels by time:
     D:1: 714 daAuts
     D:2: 483 daAuts
